 Dungeon Crawl Stone Soup version bcrawl-1.21.3 (webtiles) character file.

Game seed: 10440069017701032834

8890 funkygono the Destroyer (level 11, -7/64 HPs)
             Began as a Fairy Conjurer on Apr 5, 2020.
             Was a Priest of Sif Muna.
             Mangled by Snorg (16 damage)
             ... on level 10 of the Dungeon.
             The game lasted 00:28:10 (7614 turns).

funkygono the Destroyer (Fairy Conjurer)            Turns: 7614, Time: 00:28:11

Health: -7/64      AC: 14    Str:  6    XL:     11   Next: 37%
Magic:  12/29      EV: 19    Int: 22    God:    Sif Muna [***...]
Gold:   728        SH: 13    Dex: 13    Spells: 18/35 levels left

rFire    . . .     SeeInvis .   y - +0 short sword (venom)
rCold    . . .     Gourm    .   x - +1 buckler
rNeg     . . .     Faith    .   (armour unavailable)
rPois    .         Spirit   .   H - +0 helmet
rElec    .         Reflect  .   q - +2 cloak
rCorr    .         Harm     .   (no gloves)
MR       ++...                  (no boots)
Stlth    +.........             l - amulet of magic regeneration
HPRegen  0.20/turn              u - ring of protection from magic
MPRegen  0.46/turn              s - +4 ring of protection

@: flying evasively
A: small, magic attunement, unstealthy, unfitting armour, able to fly, AC/SH +6
a: Stop Flying, Divine Energy, Channel Magic, Renounce Religion


You were on level 10 of the Dungeon.
You worshipped Sif Muna.
Sif Muna was most pleased with you.
You were not hungry.

You visited 2 branches of the dungeon, and saw 11 of its levels.

You collected 728 gold pieces.

Inventory:

Hand Weapons
 i - a +1 dagger
 y - a +0 short sword of venom (weapon)
Missiles
 c - a throwing net {!f}
 d - 1407 stones (quivered)
Armour
 q - a +2 cloak (worn)
 x - a +1 buckler (worn)
 H - a +0 helmet (worn)
Jewellery
 j - an uncursed ring of protection from fire
 l - an amulet of magic regeneration (around neck)
 o - an uncursed ring of protection from cold
 s - a +4 ring of protection (right hand)
 u - a ring of protection from magic (left hand)
 z - an uncursed amulet of the acrobat
Wands
 w - a wand of paralysis (3)
 A - a wand of digging (21)
 C - a wand of scattershot (3)
 D - a wand of iceblast (9)
 I - a wand of random effects (10)
 J - a wand of flame (25)
Scrolls
 f - 2 scrolls of amnesia
 h - a scroll of blinking
 m - 4 scrolls of teleportation
 r - 3 scrolls of remove curse
 v - 2 scrolls of fear
 E - 3 scrolls of identify
 F - a scroll of vulnerability {unknown}
 G - a scroll of immolation {unknown}
Potions
 b - a potion of magic
 g - 2 potions of lignification
 k - 2 potions of haste
 n - a potion of berserk rage
 p - a potion of ambrosia
 t - a potion of curing
 B - a potion of heal wounds
Comestibles
 a - a chunk of flesh
 e - 13 rations {!d}


   Skills:
 + Level 1.7 Fighting
 + Level 6.4 Dodging
 + Level 2.5 Stealth
 + Level 4.1 Shields
 + Level 12.8 Spellcasting
 + Level 13.6 Conjurations
 * Level 1.6 Charms
 * Level 3.8 Ice Magic


You had 18 spell levels left.
You knew the following spells:

 Your Spells              Type           Power        Failure   Level  Hunger
a - Magic Dart            Conj           ####         1%          1    None
b - Searing Ray           Conj           ######..     1%          2    None
c - Iskenderun's Mystic   Conj           ######..     1%          3    None
d - Iskenderun's Battles  Conj/Chrm      #####...     6%          5    None
e - Bolt of Cold          Conj/Ice       ######....   22%         6    None

Your spell library contained the following spells:

 Spells                   Type           Power        Failure   Level  Hunger
 Conjure Flame            Conj/Fire      #####...     1%          3    None
 Infusion                 Chrm           ###.....     2%          1    None
 Fulminant Prism          Conj/Hex       #####.....   3%          4    None
 Song of Slaying          Chrm           ###.....     4%          2    None
 Ozocubu's Armour         Chrm/Ice       ####....     4%          3    None
 Swiftness                Chrm/Air       ###.....     5%          2    None
 Passwall                 Tmut/Erth      ##......     8%          2    None
 Irradiate                Conj/Tmut      #####.....   9%          5    None
 Regeneration             Chrm/Necr      ###.......   11%         3    None
 Spectral Weapon          Hex/Chrm       ###.....     11%         3    None
 Summon Scorpions         Summ/Pois      ##......     45%         4    None
 Icicle Burst             Conj/Ice       ######....   77%         7    None
 Lee's Rapid Deconstruct  Erth           ##........   82%         5    None
 Passage of Golubria      Tloc           N/A          82%         5    None
 Darkness                 Hex            ##........   100%        6    None
 Invisibility             Hex            ##......     100%        6    None


Dungeon Overview and Level Annotations

Branches:
Dungeon (10/12)            Temple (1/1) D:4            Lair (0/6) D:8
    Orc (0/1) D:9

Altars:
Ashenzari
Cheibriados
Dithmenos
Elyvilon
Fedhas
Gozag
Hepliaklqana
Kikubaaqudgha
Lugonu
Makhleb
Nemelex Xobeh
Okawaru
Qazlal
Ru
Sif Muna
Trog
Uskayaw
Vehumet
Wu Jian
Xom
Yredelemnul
Zin
The Shining One

Shops:
D:4 (   D:6 [   D:9 :?

Annotations:
D:10 Snorg


Innate Abilities, Weirdness & Mutations

Your spells do not cause hunger and MP costs are reduced by 1.
Your bright wings attract enemies. (Stealth-)
You cannot fit into any form of body armour.
Your shimmering scales are hard and can block incoming attacks. (AC +6, SH +6)
You are small and have problems with some larger weapons.
You can fly continuously.


Message History

The searing ray hits the centaur warrior zombie!!
The centaur warrior zombie is heavily damaged.
Snorg bites you! Snorg claws you.
* * * LOW HITPOINT WARNING * * *
You block Snorg's attack. Snorg misses you. You block Snorg's attack. x2
The searing ray hits Snorg!!
Snorg is heavily wounded.
The searing ray hits the centaur warrior zombie!
The centaur warrior zombie is severely damaged.
Snorg completely misses you. You block Snorg's attack. x2
The searing ray hits Snorg!
Snorg is severely wounded.
The searing ray hits the centaur warrior zombie!
The centaur warrior zombie is almost destroyed.
You block Snorg's attack. Snorg claws you but does no damage. Snorg claws you.
* * * LOW HITPOINT WARNING * * *
Snorg bites you.
* * * LOW HITPOINT WARNING * * *
Snorg claws you!
You die...

########.#######.......#
#.....# ###.#####
#.##..# ##.## #..# #...#
#..# #...# #..# #...#
#).# #####...#####
#...###...........#
#....@TZ>..........
###.###...........# #
#####...##### #$..#
#...# #)..# ...## # ..##
# .#.#


You could see Snorg (berserk) and a centaur warrior zombie.

Vanquished Creatures
  Sonja (D:10)
  A slime creature (D:8)
  The ghost of Ghella the Basher, a novice OnFi of Okawaru (D:6)
  An unseen horror (D:9)
  Pikel (D:7)
  2 centaur zombies
  Joseph (D:8)
  A gargoyle (D:10)
  A centaur skeleton (D:9)
  A troll (D:8)
  A hippogriff (D:6)
  A spriggan (D:7)
  Menkaure (D:4)
  3 orc warriors
  2 sky beasts (D:4)
  3 phantoms
  A black bear (D:6)
  4 ice beasts
  A slave (D:7)
  4 ogres
  2 centaurs
  2 big kobolds (D:8)
  7 bullfrogs
  3 scorpions
  4 wights (D:8)
  5 electric eels (D:9)
  A bullfrog zombie (D:7)
  6 crimson imps
  4 orc priests
  4 orc wizards
  A gnoll shaman (D:5)
  A bullfrog skeleton (D:7)
  5 hounds
  5 jellies (D:8)
  An iguana (D:4)
  4 worker ants
  A hound skeleton (D:6)
  A howler monkey skeleton (D:4)
  9 adders
  5 oozes
  2 adder skeletons
  2 worms (D:2)
  3 dart slugs
  5 leopard geckos
  30 orcs
  4 giant cockroaches (D:1)
  5 goblins
  6 hobgoblins
  11 jackals
  4 quokkas
  4 bats
  3 frilled lizards (D:1)
  15 kobolds
  A quokka skeleton (D:4)
  8 rats
206 creatures vanquished.

Vanquished Creatures (others)
  A slave (D:7)
  11 toadstools (D:8)
12 creatures vanquished.

Grand Total: 218 creatures vanquished

Notes
Turn   | Place    | Note
-------+----------+-------------------------------------------
     0 | D:1      | funkygono the Fairy Conjurer began the quest for the Orb.
     0 | D:1      | Reached XP level 1. HP: 11/11 MP: 6/6
   174 | D:1      | Reached skill level 5 in Conjurations
   178 | D:1      | Reached XP level 2. HP: 17/17 MP: 7/7
   592 | D:1      | Reached XP level 3. HP: 21/21 MP: 9/9
   596 | D:1      | Learned a level 2 spell: Searing Ray
   600 | D:1      | Learned a level 3 spell: Iskenderun's Mystic Blast
  1806 | D:3      | Reached XP level 4. HP: 27/27 MP: 8/11
  1853 | D:3      | Reached skill level 6 in Conjurations
  1882 | D:3      | Reached XP level 5. HP: 31/31 MP: 7/13
  2355 | D:4      | Reached skill level 7 in Conjurations
  2362 | D:4      | Reached XP level 6. HP: 36/36 MP: 8/15
  2409 | D:4      | Found a staircase to the Ecumenical Temple.
  2410 | D:4      | Noticed a sky beast
  2418 | D:4      | Killed a sky beast
  2418 | D:4      | Reached skill level 5 in Spellcasting
  2426 | Temple   | Entered the Ecumenical Temple
  2543 | Temple   | Became a worshipper of Sif Muna the Loreminder
  2622 | D:4      | Found a blossoming altar of Fedhas.
  2664 | D:4      | Noticed a sky beast
  2669 | D:4      | Killed a sky beast
  2669 | D:4      | Reached skill level 8 in Conjurations
  2669 | D:4      | Reached XP level 7. HP: 41/41 MP: 13/17
  2671 | D:4      | Noticed Menkaure
  2674 | D:4      | Killed Menkaure
  2765 | D:4      | Found Qostrouna's Weapon Emporium.
  2806 | D:4      | Reached * piety under Sif Muna
  2936 | D:4      | Reached skill level 9 in Conjurations
  3232 | D:5      | Entered Level 5 of the Dungeon
  3234 | D:5      | Identified Sif Muna's Volume of Toxins and Combat Magic
                  | (Sif Muna gifted it to you on level 5 of the Dungeon)
  3234 | D:5      | Received a gift from Sif Muna
  3234 | D:5      | Reached XP level 8. HP: 30/46 MP: 15/20
  3250 | D:5      | Learned a level 5 spell: Iskenderun's Battlesphere
  3402 | D:5      | Found a glowing silver altar of Zin.
  3638 | D:5      | Reached skill level 10 in Conjurations
  3693 | D:5      | Learned a level 6 spell: Bolt of Cold
  3805 | D:6      | Found a runed translucent door.
  3817 | D:6      | Noticed Ghella's ghost (novice OnFi)
  3913 | D:6      | Reached skill level 1 in Shields
  3938 | D:6      | Found Jeentyji's Antique Armour Shop.
  3985 | D:6      | Found an iron altar of Okawaru.
  3995 | D:6      | Reached XP level 9. HP: 52/52 MP: 18/24
  4144 | D:6      | Reached skill level 11 in Conjurations
  4406 | D:6      | Killed Ghella's ghost
  4406 | D:6      | Reached ** piety under Sif Muna
  4406 | D:6      | Reached skill level 5 in Dodging
  4406 | D:6      | Reached skill level 10 in Spellcasting
  4569 | D:7      | Noticed Pikel
  4572 | D:7      | Killed Pikel
  4572 | D:7      | Received a gift from Sif Muna
  4572 | D:7      | Reached skill level 1 in Fighting
  4572 | D:7      | Reached skill level 12 in Conjurations
  4572 | D:7      | Reached XP level 10. HP: 58/58 MP: 19/26
  5349 | D:8      | Reached *** piety under Sif Muna
  5393 | D:8      | Killed a very large slime creature
  5911 | D:8      | Found a staircase to the Lair.
  5931 | D:8      | Noticed Joseph
  5944 | D:8      | Killed Joseph
  5944 | D:8      | Reached skill level 13 in Conjurations
  5997 | D:8      | Reached skill level 1 in Ice Magic
  6408 | D:9      | Killed an unseen horror
  6408 | D:9      | Received a gift from Sif Muna
  6408 | D:9      | Reached XP level 11. HP: 46/63 MP: 20/29
  6493 | D:9      | Found Utotzar's Magic Scroll Shop.
  6804 | D:9      | Found Maeff's Book Boutique.
  6829 | D:9      | Found a staircase to the Orcish Mines.
  7375 | D:10     | Entered Level 10 of the Dungeon
  7444 | D:10     | Noticed Sonja
  7448 | D:10     | Killed Sonja
  7448 | D:10     | Reached skill level 1 in Charms
  7593 | D:10     | Noticed Snorg
  7614 | D:10     | Mangled by Snorg

Skill      XL: |  1  2  3  4  5  6  7  8  9 10 11 |
---------------+----------------------------------+-----
Conjurations   | 5 6 7 8 9 10 12 13 | 13.6
Spellcasting   | 3 4 5 7 9 10 12 | 12.8
Dodging        | 3 4 5 6 |  6.4
Stealth        | 2 |  2.5
Shields        | 1 2 3 4 |  4.1
Fighting       | 1 |  1.7
Ice Magic      | 2 3 |  3.8
Charms         | 1 |  1.6

Action                   |  1- 3 |  4- 6 |  7- 9 | 10-12 || total
-------------------------+-------+-------+-------+-------++-------
Melee: Short sword       |       |       |       |     2 ||     2
 Cast: Magic Dart        |    71 |    36 |    51 |    39 ||   197
       Iskenderun's Myst |     8 |    13 |    44 |    76 ||   141
       Searing Ray       |     5 |     7 |    26 |    18 ||    56
       Iskenderun's Batt |       |       |       |     2 ||     2
       Bolt of Cold      |       |       |       |     7 ||     7
  Use: Scroll            |     9 |     1 |       |     6 ||    16
  Eat: Chunk             |     3 |     2 |     6 |     4 ||    15
       Ration            |       |       |       |     2 ||     2
Armor: Skin              |     4 |     3 |    16 |    12 ||    35
Dodge: Dodged            |    13 |    11 |    32 |    46 ||   102
Block: Other             |     1 |     2 |     5 |       ||     8
       Buckler           |       |       |    11 |    50 ||    61
